 Dungeon Crawl Stone Soup version 0.21-a0-404-g291f19a (webtiles) character file.

6734 Dorkslayer the Blocker (level 11, -12/87 HPs)
             Began as a Gnoll Fighter on Oct 29, 2017.
             Was a Priest of the Shining One.
             Killed by divine providence
             ... invoked by an orc priest
              (14 damage)
             ... on level 1 of the Orcish Mines.
             The game lasted 00:31:20 (6607 turns).

Dorkslayer the Blocker (Gnoll Fighter)              Turns: 6607, Time: 00:31:21

Health: -12/87     AC: 19    Str: 21    XL:     11   Next: 4%
Magic:  19/19      EV:  8    Int: 12    God:    the Shining One [***...]
Gold:   518        SH: 20    Dex: 17    Spells: 21/21 levels left

rFire    + . .     SeeInvis .   a - +2 war axe
rCold    + . .     Gourm    .   c - +0 shield
rNeg     + . .     Faith    .   d - +1 plate armour
rPois    .         Spirit   .   (no helmet)
rElec    .         Reflect  .   (no cloak)
rCorr    .         Harm     .   v - +2 pair of gloves {Dex+3}
MR       .....                  y - +0 pair of boots
Stlth    ..........             (no amulet)
HPRegen  0.24/turn              p - ring of protection from cold
MPRegen  0.16/turn              r - ring of protection from fire (curse)

@: divine shield, glowing, drained
A: distributed training, fangs 1, strong nose
a: Divine Shield, Renounce Religion


You were on level 1 of the Orcish Mines.
You worshipped the Shining One.
The Shining One was most pleased with you.
You were not hungry.

You visited 3 branches of the dungeon, and saw 11 of its levels.
You also visited: Sewer.

You collected 547 gold pieces.
You donated 29 gold pieces to Zin.

Inventory:

Hand Weapons
 a - a +2 war axe (weapon)
Missiles
 h - 4 javelins (quivered)
 i - 5 tomahawks of returning
 C - 12 tomahawks
Armour
 c - a +0 shield (worn)
 d - a +1 plate armour (worn)
 v - a +2 pair of gloves of dexterity (worn)
 y - a +0 pair of boots (worn)
Jewellery
 p - a ring of protection from cold (left hand)
 r - a cursed ring of protection from fire (right hand)
Wands
 j - a wand of polymorph (14/24)
Scrolls
 b - a scroll of identify
 e - 6 scrolls of enchant armour
 g - 6 scrolls of remove curse
 l - 6 scrolls of teleportation
 z - a scroll of recharging
Potions
 k - a potion of cancellation
 n - 4 potions of curing
 o - 3 potions of brilliance
 q - a potion of heal wounds
 t - 2 potions of magic
 u - a potion of flight
 w - 2 potions of lignification
Comestibles
 f - 9 bread rations
 s - 7 royal jellies
 x - a chunk of flesh
 D - 4 meat rations


   Skills:
 + Level 8.8(8.5) Fighting
 + Level 5.7(5.4) Short Blades
 + Level 5.7(5.4) Long Blades
 + Level 7.4(7.1) Axes
 + Level 5.7(5.4) Maces & Flails
 + Level 5.7(5.4) Polearms
 + Level 5.7(5.4) Staves
 + Level 5.7(5.4) Slings
 + Level 5.7(5.4) Bows
 + Level 5.7(5.4) Crossbows
 + Level 5.7(5.4) Throwing
 + Level 8.8(8.5) Armour
 + Level 5.7(5.4) Dodging
 + Level 5.7(5.4) Stealth
 + Level 8.8(8.5) Shields
 + Level 5.7(5.4) Unarmed Combat
 + Level 5.7(5.4) Spellcasting
 + Level 4.7(4.4) Conjurations
 + Level 4.7(4.4) Hexes
 + Level 4.7(4.4) Charms
 + Level 4.7(4.4) Summonings
 + Level 4.7(4.4) Necromancy
 + Level 4.7(4.4) Translocations
 + Level 4.7(4.4) Transmutations
 + Level 4.7(4.4) Fire Magic
 + Level 4.7(4.4) Ice Magic
 + Level 4.7(4.4) Air Magic
 + Level 4.7(4.4) Earth Magic
 + Level 4.7(4.4) Poison Magic
 + Level 6.3(6.0) Invocations
 + Level 5.7(5.4) Evocations


You had 21 spell levels left.
You didn't know any spells.

Dungeon Overview and Level Annotations

Branches:
Dungeon (9/15)             Temple (1/1) D:7             Orc (1/2) D:9
   Lair: D:8-11

Altars:
Ashenzari
Cheibriados
Fedhas
Gozag
Kikubaaqudgha
Makhleb
Nemelex Xobeh
Okawaru
Qazlal
Sif Muna
Uskayaw
Vehumet
Wu Jian
Xom
Zin
The Shining One


Innate Abilities, Weirdness & Mutations

Your experience applies equally to all skills.
You have very sharp teeth.
Your uncanny sense of smell can sniff out nearby items.


Message History

The orc wizard gestures at you while chanting.
You easily resist.
The orc wizard gestures at you while chanting.
The magic dart hits you! You block the orange demon's attack.
The orc priest shouts!
The orc priest calls upon Beogh to heal the orc warrior.
The orc warrior is healed somewhat.
You feel yourself speed up.
The orc priest miscasts a cantrip.
The orc sorcerer points at you and mumbles some strange words.
The bolt of negative energy hits you! You partially resist.
You feel drained.
* * * LOW HITPOINT WARNING * * *
The orange demon stings you from afar.
* * * LOW HITPOINT WARNING * * *
The orc priest calls upon Beogh to heal the orc warrior.
The orc warrior is healed somewhat.
The orc priest casts a cantrip, but nothing happens.
The orc priest mumbles some strange prayers to Beogh against you.
Beogh smites you!
You die...

*** *** ### ,,***,** ##.##
,,,*,,,**** ###...#
,,,,,,,,*,** ##....###
,,,,,,,*,∆,* #.....#.###
,,,,,,*,,,,##*#.@......##
,,,,,*,,,,##.###.#......#
,,,,,*,,∆,#...#.4o.#...##
,,,,,,,,.#$#.........##.##
,,,,,,,,........o...o....#
,,,,,,,,...##.##)##Oo##.##
,**,,,,*.#,*####o#.oo.###
,**,,,,,*..$#..oo..O.#.##
,,*,,,,,,..$$...........#


You could see an orc knight, an orange demon, an orc sorcerer, 2 orc warriors,
an ogre, 3 orc priests and an orc.

Vanquished Creatures
  A glowing orange brain (D:9)
  Psyche (D:8)
  A hippogriff (D:7)
  A yak (D:8)
  A human (D:7)
  3 hungry ghosts
  4 hogs (D:7)
  4 wargs (D:9)
  Edmund (D:5)
  4 orc warriors
  2 ice beasts (D:8)
  4 sky beasts
  Duvessa (D:6)
  A phantom (D:6)
  6 centaurs
  2 ogres
  4 bullfrogs
  A gnoll sergeant (D:7)
  Dowan (D:6)
  A wyvern skeleton (D:8)
  A water moccasin skeleton (D:7)
  2 scorpions
  4 wights (D:9)
  2 howler monkeys
  The ghost of pichaelthompson the Charmwright, a weakling OpSk (D:3)
  A jelly (D:8)
  4 crimson imps
  A centaur zombie (D:8)
  A quasit (D:8)
  An orc priest (D:3)
  A bullfrog skeleton (D:7)
  A centaur skeleton (D:6)
  3 hounds
  8 orc wizards
  Jessica (D:2)
  3 iguanas
  4 worker ants
  Natasha (thrice) (D:3)
  A hound zombie (D:6)
  A hound skeleton (D:8)
  3 gnolls (D:7)
  2 river rats (D:4)
  18 adders
  4 oozes (Sewer)
  5 adder skeletons
  6 worms
  A dart slug (D:2)
  6 leopard geckos
  34 orcs
  10 giant cockroaches
  5 goblins
  4 hobgoblins
  8 jackals
  5 quokkas
  6 ball pythons
  15 bats
  4 frilled lizards
  A giant cockroach zombie (D:6)
  4 kobolds
  A quokka skeleton (D:7)
  5 rats
  A bush (D:5)
236 creatures vanquished.

Notes
Turn   | Place    | Note
-------+----------+-------------------------------------------
     0 | D:1      | Dorkslayer the Gnoll Fighter began the quest for the Orb.
     0 | D:1      | Reached XP level 1. HP: 23/23 MP: 1/1
   525 | D:2      | Reached XP level 2. HP: 29/29 MP: 2/2
   615 | D:2      | Reached XP level 3. HP: 35/35 MP: 3/3
   648 | D:2      | Reached skill level 1 in Invocations
   661 | D:2      | Noticed Jessica
   667 | D:2      | Killed Jessica
   667 | D:2      | Reached skill level 1 in Short Blades
   667 | D:2      | Reached skill level 1 in Long Blades
   667 | D:2      | Reached skill level 1 in Maces & Flails
   667 | D:2      | Reached skill level 1 in Polearms
   667 | D:2      | Reached skill level 1 in Staves
   667 | D:2      | Reached skill level 1 in Slings
   667 | D:2      | Reached skill level 1 in Bows
   667 | D:2      | Reached skill level 1 in Crossbows
   667 | D:2      | Reached skill level 1 in Throwing
   667 | D:2      | Reached skill level 1 in Dodging
   667 | D:2      | Reached skill level 1 in Stealth
   667 | D:2      | Reached skill level 1 in Unarmed Combat
   667 | D:2      | Reached skill level 1 in Spellcasting
   667 | D:2      | Reached skill level 1 in Evocations
   667 | D:2      | Reached XP level 4. HP: 26/41 MP: 5/5
   675 | D:2      | Found an opulent altar of Gozag.
   676 | D:2      | Found a glowing silver altar of Zin.
   691 | D:2      | Became a worshipper of Zin the Law-Giver
   891 | D:2      | Reached skill level 1 in Conjurations
   891 | D:2      | Reached skill level 1 in Hexes
   891 | D:2      | Reached skill level 1 in Charms
   891 | D:2      | Reached skill level 1 in Summonings
   891 | D:2      | Reached skill level 1 in Necromancy
   891 | D:2      | Reached skill level 1 in Translocations
   891 | D:2      | Reached skill level 1 in Transmutations
   891 | D:2      | Reached skill level 1 in Fire Magic
   891 | D:2      | Reached skill level 1 in Ice Magic
   891 | D:2      | Reached skill level 1 in Air Magic
   891 | D:2      | Reached skill level 1 in Earth Magic
   891 | D:2      | Reached skill level 1 in Poison Magic
  1095 | D:3      | Noticed pichaelthompson's ghost (weakling OpSk)
  1105 | D:3      | Killed pichaelthompson's ghost
  1105 | D:3      | Reached XP level 5. HP: 42/47 MP: 5/7
  1241 | D:3      | Noticed Natasha
  1248 | D:3      | Killed Natasha
  1248 | D:3      | Reached XP level 6. HP: 34/53 MP: 8/8
  1365 | D:3      | Noticed Natasha
  1374 | D:3      | Killed Natasha
  1485 | D:3      | Noticed Natasha
  1491 | D:3      | Killed Natasha
  1524 | D:4      | Reached skill level 5 in Axes
  1589 | D:4      | Reached * piety under Zin
  1693 | D:4      | Found a glowing drain.
  1705 | Sewer    | Entered a sewer
  2433 | D:4      | Reached XP level 7. HP: 56/59 MP: 10/10
  2503 | D:5      | Entered Level 5 of the Dungeon
  2539 | D:5      | Reached ** piety under Zin
  2582 | D:5      | Noticed Edmund
  2588 | D:5      | Killed Edmund
  2726 | D:5      | Found a sparkling altar of Nemelex Xobeh.
  2763 | D:5      | Found a stormy altar of Qazlal.
  2766 | D:5      | Found a blossoming altar of Fedhas.
  2886 | D:6      | Reached XP level 8. HP: 21/67 MP: 10/12
  3016 | D:6      | Noticed Duvessa
  3023 | D:6      | Noticed Dowan
  3048 | D:6      | Killed Duvessa
  3048 | D:6      | Reached XP level 9. HP: 67/72 MP: 14/14
  3069 | D:6      | Killed Dowan
  3263 | D:6      | Reached *** piety under Zin
  3426 | D:7      | Found a deep blue altar of Sif Muna.
  3428 | D:7      | Found an ancient bone altar of Kikubaaqudgha.
  3433 | D:7      | Found a burning altar of Makhleb.
  3849 | D:7      | Found a staircase to the Ecumenical Temple.
  3854 | Temple   | Entered the Ecumenical Temple
  3914 | Temple   | Fell from the grace of Zin
  3914 | Temple   | Became a worshipper of the Shining One
  3914 | Temple   | Reached * piety under the Shining One
  4219 | D:7      | Reached skill level 5 in Invocations
  4388 | D:8      | Reached ** piety under the Shining One
  4630 | D:8      | Reached XP level 10. HP: 79/80 MP: 17/17
  4926 | D:8      | Reached skill level 5 in Short Blades
  4926 | D:8      | Reached skill level 5 in Long Blades
  4926 | D:8      | Reached skill level 5 in Maces & Flails
  4926 | D:8      | Reached skill level 5 in Polearms
  4926 | D:8      | Reached skill level 5 in Staves
  4926 | D:8      | Reached skill level 5 in Slings
  4926 | D:8      | Reached skill level 5 in Bows
  4926 | D:8      | Reached skill level 5 in Crossbows
  4926 | D:8      | Reached skill level 5 in Throwing
  4926 | D:8      | Reached skill level 5 in Dodging
  4926 | D:8      | Reached skill level 5 in Stealth
  4926 | D:8      | Reached skill level 5 in Unarmed Combat
  4926 | D:8      | Reached skill level 5 in Spellcasting
  4926 | D:8      | Reached skill level 5 in Evocations
  4968 | D:8      | Noticed Psyche
  4972 | D:8      | Killed Psyche
  5255 | D:9      | Found a staircase to the Orcish Mines.
  5346 | D:9      | Identified a scroll of acquirement
  5650 | D:9      | Noticed a two-headed ogre
  5976 | D:9      | Reached *** piety under the Shining One
  6252 | D:9      | Noticed a glowing orange brain
  6252 | D:9      | a two-headed ogre changed into a glowing orange brain
  6266 | D:9      | Killed a glowing orange brain
  6266 | D:9      | Reached XP level 11. HP: 87/87 MP: 19/19
  6507 | Orc:1    | Entered Level 1 of the Orcish Mines
  6578 | Orc:1    | Noticed an orc knight
  6579 | Orc:1    | Noticed an orc sorcerer
  6599 | Orc:1    | Paralysed by an orc sorcerer for 3 turns
  6605 | Orc:1    | HP: 4/87 [orc sorcerer/bolt of negative energy[an orc knight] (12)]
  6605 | Orc:1    | HP: 1/87 [orange demon[an orc knight] (3)]
  6607 | Orc:1    | Killed from afar by an orc priest

Vault maps used:
D:1:      kennysheep_arrival_forest, grunt_decor_resistance
D:2:      grunt_temple_overflow_gold_and_silver, serial_forest,
          infiniplex_forest_clump_tiny, infiniplex_forest_clump_small,
          infiniplex_forest_fountain, infiniplex_forest_clump_large,
          infiniplex_forest_corner_1, infiniplex_forest_lined_2,
          infiniplex_forest_end_1, infiniplex_forest_end_2,
          infiniplex_forest_clump_C, infiniplex_forest_lined_room_2,
          uniq_jessica
D:3:      first_bread, uniq_natasha
D:4:      cheibrodos_sewer_entry_sluice, serial_glass, glass_columns_a,
          glass_columns_a, glass_columns_b, glass_columns_a, glass_columns_a,
          glass_columns_c, glass_columns_b, glass_columns_a, glass_columns_a,
          glass_columns_b, glass_columns_b, glass_columns_c, glass_columns_b,
          glass_columns_b, feat_on_display
D:5:      grunt_temple_overflow_forces_of_nature, minivault_27,
          nemelex_xobeh_ov_fountains_minmay, uniq_edmund
D:6:      uniq_duvessa
D:7:      minitemple, temple_doors_e, grunt_livestock
D:8:      wad_guarded_room, uniq_psyche
D:9:      minmay_orc_entry_guard_dogs
Temple:   regret_index_temple_generic_petals
Sewer:    sewer_fruit_machine

Skill      XL: |  1  2  3  4  5  6  7  8  9 10 |
---------------+-------------------------------+-----
Invocations    | 1 2 3 4 5 6 |  6.3
Short Blades   | 1 2 3 4 5 |  5.7
Long Blades    | 1 2 3 4 5 |  5.7
Maces & Flails | 1 2 3 4 5 |  5.7
Polearms       | 1 2 3 4 5 |  5.7
Staves         | 1 2 3 4 5 |  5.7
Slings         | 1 2 3 4 5 |  5.7
Bows           | 1 2 3 4 5 |  5.7
Crossbows      | 1 2 3 4 5 |  5.7
Throwing       | 1 2 3 4 5 |  5.7
Dodging        | 1 2 3 4 5 |  5.7
Stealth        | 1 2 3 4 5 |  5.7
Unarmed Combat | 1 2 3 4 5 |  5.7
Spellcasting   | 1 2 3 4 5 |  5.7
Evocations     | 1 2 3 4 5 |  5.7
Conjurations   | 1 2 3 4 |  4.7
Hexes          | 1 2 3 4 |  4.7
Charms         | 1 2 3 4 |  4.7
Summonings     | 1 2 3 4 |  4.7
Necromancy     | 1 2 3 4 |  4.7
Translocations | 1 2 3 4 |  4.7
Transmutations | 1 2 3 4 |  4.7
Fire Magic     | 1 2 3 4 |  4.7
Ice Magic      | 1 2 3 4 |  4.7
Air Magic      | 1 2 3 4 |  4.7
Earth Magic    | 1 2 3 4 |  4.7
Poison Magic   | 1 2 3 4 |  4.7
Axes           | 5 6 7 |  7.4
Fighting       | 7 8 |  8.8
Armour         | 7 8 |  8.8
Shields        | 7 8 |  8.8

Action                   |  1- 3 |  4- 6 |  7- 9 | 10-12 || total
-------------------------+-------+-------+-------+-------++-------
Melee: War axe           |    62 |   212 |   263 |   187 ||   724
       Bite              |     8 |    25 |    38 |    25 ||    96
       Dire flail        |       |       |    50 |       ||    50
       Morningstar       |       |       |     7 |       ||     7
Throw: Javelin           |       |       |     8 |    25 ||    33
       Throwing net      |       |       |     3 |       ||     3
       Tomahawk          |       |       |       |    12 ||    12
Invok: Divine Shield     |       |       |       |     3 ||     3
Evoke: Wand              |       |       |       |     1 ||     1
  Use: Scroll            |     1 |    10 |     4 |    10 ||    25
       Potion            |       |     2 |     6 |       ||     8
  Eat: Chunk             |       |     4 |     8 |     5 ||    17
       Royal jelly       |       |     1 |       |     1 ||     2
       Fruit             |       |       |     1 |     3 ||     4
Armor: Chain mail        |    33 |    40 |       |       ||    73
       Scale mail        |     1 |       |       |       ||     1
       Plate armour      |       |   101 |   204 |    88 ||   393
Dodge: Dodged            |    20 |    47 |    73 |    37 ||   177
Block: Shield            |    40 |   149 |   162 |   133 ||   484

Table legend:
 A = Spawn XP
 B = Non-spawn XP
 C = Spawn XP percentage of total XP
 D = Spawn monster count
 E = Non-spawn monster count
 F = Spawn count percentage of total count
 G = Total turns spent on level
                    A         B        C        D         E        F      G
               +---------+---------+-------+---------+---------+-------+---------
         Total |       0 |    9621 |   0.0 |       0 |     235 |   0.0 |  6607
               +---------+---------+-------+---------+---------+-------+---------
           D:1 |       0 |       9 |   0.0 |       0 |       6 |   0.0 |   518
           D:2 |       0 |     125 |   0.0 |       0 |      21 |   0.0 |   521
           D:3 |       0 |     301 |   0.0 |       0 |      30 |   0.0 |   458
           D:4 |       0 |      97 |   0.0 |       0 |      15 |   0.0 |   570
           D:5 |       0 |     351 |   0.0 |       0 |      12 |   0.0 |   357
           D:6 |       0 |    1542 |   0.0 |       0 |      32 |   0.0 |   509
           D:7 |       0 |    1889 |   0.0 |       0 |      26 |   0.0 |   798
           D:8 |       0 |    2244 |   0.0 |       0 |      32 |   0.0 |   912
           D:9 |       0 |    2823 |   0.0 |       0 |      27 |   0.0 |  1325
         Orc:1 |       0 |     148 |   0.0 |       0 |       6 |   0.0 |   100
         Sewer |       0 |      92 |   0.0 |       0 |      28 |   0.0 |   436
               +---------+---------+-------+---------+---------+-------+---------
